Map: Catalyst LE

Players

HateMe - Winner!

  • Race: Zerg Zerg
  • Spawn Location: 5:00

Light

  • Race: Protoss Protoss
  • Spawn Location: 11:00

Event: WCS Valencia 2018

VOD

Have the link to the VOD?

Description

Time

  • Played on: July 12, 2018, 10:09 a.m.
  • Length: 7:50

All games in this series

Show
View Real Time Build Order
Export as new Build Order

HateMe Zerg - Winner!

Build Orders: Hatch First 

Get SALT Encoding   

  12  0:02  Drone  
  13  0:13  Overlord  
  13  0:18  Drone  
  14  0:32  Drone x2  
  16  0:49  Hatchery  
  15  0:52  Drone  
  15  0:55  Drone  
  17  0:59  Drone  
  18  1:04  Extractor  
  17  1:15  Spawning Pool  
  16  1:26  Drone x2  
  16  1:28  Drone  
  19  1:45  Overlord  
  19  1:53  Drone  
  20  2:01  Queen, Drone  
  23  2:09  Queen  
  25  2:16  Metabolic Boost  
  25  2:20  Zergling x2  
  25  2:22  Zergling x2  
  27  2:24  Zergling x2  
  27  2:27  Zergling x2  
  30  2:30  Zergling x2  
  30  2:34  Zergling x2  
  30  2:36  Drone  
  32  2:55  Hatchery  
  31  3:00  Queen  
  33  3:06  Overlord  
  33  3:07  Drone  
  33  3:09  Drone  
  33  3:12  Drone  
  36  3:26  Drone x2  
  35  3:33  Drone x5  
  39  3:46  Overlord  
  39  3:47  Drone  
  40  3:51  Lair  
  40  3:53  Overlord  
  40  3:54  Drone  
  42  3:55  Drone  
  42  3:56  Drone  
  42  4:00  Spore Crawler  
  42  4:03  Spore Crawler  
  42  4:05  Drone  
  42  4:06  Drone  
  42  4:08  Drone  
  44  4:10  Drone  
  44  4:12  Drone  
  44  4:16  Drone  
  48  4:17  Drone  
  48  4:22  Evolution Chamber  
  47  4:26  Drone  
  47  4:27  Drone x3  
  47  4:29  Spore Crawler  
  50  4:33  Overlord  
  50  4:34  Drone  
  50  4:36  Drone  
  50  4:38  Drone  
  52  4:39  Drone  
  53  4:47  Zerg Melee Weapons Level 1  
  53  4:54  Overlord  
  53  4:55  Drone x5  
  53  4:57  Extractor  
  53  4:58  Extractor  
  56  5:04  Hydralisk Den  
  53  5:10  Extractor  
  53  5:11  Extractor, Overlord  
  53  5:13  Drone  
  52  5:20  Drone  
  52  5:21  Drone x8  
  60  5:39  Muscular Augments, Zergling x2  
  60  5:40  Zergling x18  
  70  5:44  Overlord  
  70  5:48  Overlord x2  
  70  5:51  Hydralisk  
  70  5:52  Hydralisk  
  70  5:54  Overlord  
  70  5:55  Overlord  
  74  6:04  Hydralisk x3  
  74  6:08  Hydralisk  
  74  6:09  Hydralisk  
  84  6:11  Hydralisk  
  84  6:16  Hydralisk  
  87  6:26  Hydralisk  
  87  6:27  Hydralisk x3  
  87  6:30  Overseer  
  87  6:31  Overlord  
  94  6:35  Hydralisk x2  
  91  6:49  Hydralisk  
  91  6:50  Hydralisk x4  
  91  6:52  Zergling x4  
  100  6:58  Zergling x6  
  103  7:02  Zergling x10  
  103  7:05  Overlord  
  108  7:11  Zergling x10  
  108  7:14  Zergling x2  
  114  7:18  Zergling x2  
  114  7:21  Zergling x4  
  114  7:29  Spire  
  113  7:30  Drone  
  113  7:36  Drone  
  113  7:37  Drone x7  
Show
View Real Time Build Order
Export as new Build Order

Light Protoss 

Build Orders: 1 Gate Expand, Oracle Opening, Phoenix Opening 

Get SALT Encoding   

  12  0:00  Probe  
  13  0:12  Probe  
  14  0:20  Pylon  
  14  0:24  Probe  
  15  0:35  Probe  
  16  0:43  Probe  
  16  0:44  Gateway  
  17  0:51  Assimilator  
  17  0:53  Probe  
  18  1:05  Probe  
  19  1:17  Probe  
  19  1:18  Pylon  
  20  1:37  Nexus  
  20  1:39  Probe  
  21  1:43  Cybernetics Core  
  21  1:52  Assimilator, Probe  
  22  2:04  Probe  
  22  2:05  Pylon  
  23  2:15  Adept  
  23  2:23  Stargate, Probe  
  23  2:28  Warp Gate  
  26  2:35  Probe  
  27  2:40  Adept  
  29  2:49  Probe x2  
  31  2:59  Phoenix  
  31  3:01  Probe x2  
  33  3:07  Adept  
  33  3:11  Probe  
  37  3:13  Probe  
  37  3:19  Pylon  
  39  3:21  Oracle  
  39  3:25  Probe  
  31  3:43  Gateway  
  31  3:46  Probe  
  31  3:47  Probe  
  33  3:55  Probe  
  33  3:56  Adept  
  33  3:59  Probe  
  37  4:03  Probe  
  38  4:11  Probe  
  38  4:13  Probe  
  40  4:20  Robotics Facility  
  40  4:23  Pylon, Probe  
  41  4:25  Probe  
  42  4:33  Probe  
  42  4:35  Probe  
  44  4:41  Probe  
  44  4:47  Probe  
  44  4:48  Adept  
  44  4:51  Probe  
  44  4:52  Assimilator  
  48  4:54  Assimilator  
  48  4:59  Probe  
  50  5:03  Probe  
  50  5:11  Probe  
  50  5:13  Pylon  
  51  5:15  Nexus, Probe  
  51  5:18  Pylon  
  52  5:23  Warp Prism  
  54  5:30  Probe x2  
  54  5:32  Sentry x2  
  60  5:38  Probe  
  60  5:39  Probe  
  60  5:42  Twilight Council  
  61  5:46  Pylon  
  61  5:47  Probe  
  62  5:54  Pylon  
  63  5:58  Probe  
  63  6:00  Immortal  
  63  6:02  Sentry  
  70  6:04  Probe  
  70  6:06  Sentry  
  70  6:10  Probe  
  74  6:17  Probe  
  74  6:22  Probe  
  75  6:27  Probe  
  75  6:29  Probe  
  77  6:36  Robotics Bay  
  77  6:46  Probe x3  
  78  6:54  Probe x2  
  78  6:55  Probe  
  78  6:57  Sentry x2  
  85  7:02  Gateway  
  85  7:03  Probe  
  85  7:04  Gateway x2, Probe  
  85  7:05  Probe, Assimilator  
  88  7:09  Assimilator  
  88  7:22  Stalker x2  
  89  7:41  Gateway  
  89  7:43  Gateway  
  89  7:46  Gateway  
Tags
 
Add a new tag
Caveats
  • Supply blocks, unpowered buildings, or Contaminate may cause inaccurate times.
  • Supply counts are checked every 10 seconds.